 Dungeon Crawl Stone Soup version 0.30-a0-618-gd6c86c23d0 (webtiles) character file.

Game seed: 219181758515455626

119 Newt the Chucker (level 4, -2/33 HPs)
             Began as a Demonspawn Gladiator on Jan 9, 2023.
             Killed from afar by Natasha (11 damage)
             ... with a puff of flame
             ... on level 2 of the Dungeon.
             The game lasted 00:01:39 (1508 turns).

Newt the Chucker (Demonspawn Gladiator)             Turns: 1508, Time: 00:01:40

Health: -2/33      AC:  7    Str: 17    XL:     4   Next: 73%
Magic:  4/4        EV: 12    Int:  9    God:
Gold:   127        SH:  0    Dex: 14    Spells: 3/3 levels left

rFire   . . .      SeeInvis .    a - +0 rapier
rCold   . . .      Faith    .    (no shield)
rNeg    . . .      Spirit   .    b - +0 leather armour
rPois   .          Reflect  .    c - +0 helmet
rElec   .          Harm     .    (no cloak)
rCorr   .          Rampage  .    (no gloves)
Will    .....                    (no boots)
Stlth   ++                       (no amulet)
HPRegen 0.25/turn                (no ring)
MPRegen 0.09/turn                (no ring)

@: slowed, very slow
A: yellow scales 2, powered by pain 1
a: no special abilities


You were on level 2 of the Dungeon.
You visited 1 branch of the dungeon, and saw 2 of its levels.

You collected 127 gold pieces.

Inventory:

Hand Weapons
 a - a +0 rapier (weapon)
Missiles
 d - 3 throwing nets
 h - 9 boomerangs (quivered)
 l - 2 poisoned darts
Armour
 b - a +0 leather armour (worn)
 c - a +0 helmet (worn)
Wands
 f - a wand of flame (17)
Scrolls
 g - a scroll of identify
 j - a scroll of amnesia
 n - 2 scrolls of teleportation
Potions
 i - a potion of mutation {unknown}
 k - 3 potions of curing


   Skills:
 - Level 2.0 Fighting
 - Level 2.6 Short Blades
 + Level 3.4 Throwing
 - Level 2.6 Dodging
 - Level 3.0 Stealth


You had 3 spell levels left.
You didn't know any spells.
Your spell library was empty.

Dungeon Overview and Level Annotations

Branches:
Dungeon (2/15)

Altars:

Annotations:
D:2 Natasha


Innate Abilities, Weirdness & Mutations

You are mostly covered in yellow scales. (AC +3)
You sometimes gain a little power by taking damage.


Message History

Natasha claws you but does no damage.
You puncture Natasha!
Natasha is heavily wounded.
The crimson imp hits you but does no damage. x2
Natasha howls an incantation.
Natasha shimmers violently.
Natasha claws you but does no damage. The crimson imp barely misses you.
You hit Natasha.
Natasha is heavily wounded.
The crimson imp hits you but does no damage.
Natasha zaps a wand.
The puff of flame hits you!
The crimson imp blinks!
The crimson imp closely misses you.
Natasha drinks a potion.
Natasha is healed!
You hit Natasha but do no damage.
The crimson imp hits you but does no damage.
Natasha barely misses you. The iron imp completely misses you.
The crimson imp blinks!
The crimson imp closely misses you.
You hit Natasha.
Natasha is lightly wounded.
Natasha closely misses you. The iron imp hits you!
The crimson imp hits you but does no damage.
Natasha claws you. The iron imp barely misses you.
You hit Natasha but do no damage.
Natasha is lightly wounded.
The iron imp disappears in a puff of smoke!
The crimson imp hits you but does no damage.
Natasha barely misses you.
The crimson imp blinks!
The crimson imp grinds its teeth.
The crimson imp barely misses you.
You closely miss Natasha.
Natasha is lightly wounded.
Natasha claws you. The crimson imp barely misses you. Natasha claws you.
* * * LOW HITPOINT WARNING * * *
Throw: javelin
Press: ? - help, Shift-Dir - straight line, f - Natasha
Aim: Natasha, carrying a wand of flame (24) (lightly wounded, 53% to hit)
You throw a javelin.
The javelin pierces through Natasha but does no damage.
Natasha is lightly wounded.
The crimson imp blinks!
Natasha zaps a wand.
The puff of flame hits you!
You die...

#.)......# #......###.
#........# #......###.
#........# #......##..
#........# #.......#.#
#..######### #.......#.#
###.####.....# #.......#.#
#>....?....#5#######+####.#.#
#.######.#)...#..........##.#
#.# #.#..@§#..........#...
##'### #.#.#†h#..[.......####
#....# #.#.#..'..........# #
#)...####.#.#..#..........# #
#....'....#.#..#..........####
#....######.#..#..........'..#
#....# ..#..#.........†##..
###### #..#....(......###
##########'###


You could see Natasha and a crimson imp (summoned).

Vanquished Creatures
  Natasha (twice) (D:2)
  A gnoll (D:1)
  2 adders (D:2)
  A dart slug (D:1)
  3 ball pythons (D:2)
  An endoplasm (D:2)
  A giant cockroach (D:2)
  3 goblins
  6 hobgoblins
  2 kobolds
  4 quokkas
  4 bats
  3 frilled lizards (D:2)
  5 rats
38 creatures vanquished.

Vanquished Creatures (collateral kills)
  A kobold (D:2)
1 creature vanquished.

Grand Total: 39 creatures vanquished

Notes
Turn   | Place    | Note
-------+----------+-------------------------------------------
     0 | D:1      | Newt the Demonspawn Gladiator began the quest for the Orb.
     0 | D:1      | Reached XP level 1. HP: 16/16 MP: 1/1
    61 | D:1      | Reached skill level 1 in Stealth
   277 | D:1      | Gained mutation: You are partially covered in yellow
                  | scales. (AC +2) [demonic ancestry]
   277 | D:1      | Reached XP level 2. HP: 22/22 MP: 2/2
   382 | D:1      | Found a faded altar of an unknown god.
   859 | D:2      | Gained mutation: You sometimes gain a little power by
                  | taking damage. [demonic ancestry]
   859 | D:2      | Reached XP level 3. HP: 25/27 MP: 3/3
  1104 | D:2      | Noticed Natasha
  1109 | D:2      | Killed Natasha
  1110 | D:2      | Gained mutation: You are mostly covered in yellow scales.
                  | (AC +3) [demonic ancestry]
  1110 | D:2      | Reached XP level 4. HP: 33/33 MP: 4/4
  1267 | D:2      | Noticed Natasha
  1281 | D:2      | Killed Natasha
  1494 | D:2      | Noticed Natasha
  1508 | D:2      | Killed from afar by Natasha

Illustrated notes

Levels and vault maps discovered:
D:1:      dpeg_arrival_rhombus, layout_basic, hellmonk_ecumenical_altar_run_dry
D:2:      layout_basic, grunt_decor_fettered, minmay_tromino_v4_c, uniq_natasha

Skill      XL: |  1  2  3  4 |
---------------+-------------+-----
Stealth        | 1 2 3 |  3.0
Throwing       | 2 3 |  3.4
Fighting       | |  2.0
Short Blades   | |  2.6
Dodging        | |  2.6

Action                   |  1- 3 |  4- 6 || total
-------------------------+-------+-------++-------
Melee: Rapier            |    80 |    41 ||   121
       Punch             |     1 |       ||     1
Throw: Boomerang         |     2 |       ||     2
       Javelin           |       |     1 ||     1
  Use: Scroll            |     6 |       ||     6
 Stab: Sleeping          |     2 |     3 ||     5
Armor: Leather armour    |    22 |    24 ||    46
Dodge: Dodged            |    51 |    43 ||    94

Table legend: (Time is in decaauts)
 A = Elapsed time spent in this place.
 B = Non-inter-level travel time spent in this place.
 C = Inter-level travel time spent in this place.
 D = Time resting spent in this place.
 E = Time spent auto-exploring this place.
 F = Levels seen in this place.
 G = Mean time per level.
                   A        B        C        D        E       F      G
               +--------+--------+--------+--------+--------+-----+--------+
         Total |   1522 |   1429 |     93 |     15 |   1126 |   2 |  761.0 |
       Dungeon |   1522 |   1429 |     93 |     15 |   1126 |   2 |  761.0 |
               +--------+--------+--------+--------+--------+-----+--------+

Top non-repeatable levels by time:
     D:1: 854 daAuts
     D:2: 668 daAuts
